 Dungeon Crawl Stone Soup version 0.29-a0-121-g8efb068a30 (webtiles) character file.

Game seed: 3240517691165745990

1896 Zeldest the Caller (level 8, 0/64 HPs)
             Began as a Demonspawn Summoner on Feb 21, 2022.
             Was an Initiate of Cheibriados.
             Succumbed to a kobold brigand's curare-tipped dart
             ... on level 6 of the Dungeon.
             The game lasted 00:26:47 (3434 turns).

Zeldest the Caller (Demonspawn Summoner)            Turns: 3434, Time: 00:26:47

Health: 0/64       AC:  4    Str:  9    XL:     8   Next: 93%
Magic:  4/12       EV: 12    Int: 21    God:    Cheibriados [......]
Gold:   146        SH:  0    Dex: 14    Spells: 5/11 levels left

rFire   + . .      SeeInvis .   b - +5 spear
rCold   . . .      Faith    .   (no shield)
rNeg    . . .      Spirit   .   a - +0 robe
rPois   .          Reflect  .   l - +0 helmet
rElec   .          Harm     .   (no cloak)
rCorr   .          Rampage  .   (no gloves)
Will    .....                   i - +0 pair of boots
Stlth   ++........              (no amulet)
HPRegen 0.20/turn               n - ring of protection from fire
MPRegen 0.13/turn               (no ring)

@: lethally poisoned (0 -> -19), slowed, very slow
A: claws 1, powered by death 1, weakness stinger 2
a: Renounce Religion


You were on level 6 of the Dungeon.
You worshipped Cheibriados.
Cheibriados was noncommittal.
You visited 2 branches of the dungeon, and saw 7 of its levels.
You also visited: Sewer.

You collected 146 gold pieces.

Inventory:

Hand Weapons
 b - a +5 spear (weapon)
Missiles
 k - 4 atropa-tipped darts (quivered)
Armour
 a - a +0 robe (worn)
 g - a +0 scale mail
 i - a +0 pair of boots (worn)
 l - a +0 helmet (worn)
Magical Staves
 e - a staff of death
Jewellery
 n - a ring of protection from fire (left claw)
Wands
 h - a wand of flame (11)
 v - a wand of paralysis (3)
 w - a wand of mindburst (13)
Scrolls
 c - 2 scrolls of immolation {unknown}
 f - a scroll of silence {unknown}
 j - 2 scrolls of fog
 o - a scroll of noise {unknown}
 q - a scroll of blinking
 r - 2 scrolls of magic mapping
 s - a scroll of enchant armour {unknown}
 u - a scroll of acquirement {unknown}
Potions
 d - 3 potions of mutation
 m - a potion of brilliance
 p - a potion of magic {unknown}


   Skills:
 + Level 5.7 Fighting
 - Level 1.1 Polearms
 - Level 1.7 Dodging
 - Level 1.7 Stealth
 + Level 5.1 Unarmed Combat
 - Level 2.0 Spellcasting
 + Level 7.1 Summonings
 + Level 1.4 Air Magic
 + Level 5.7 Invocations
 + Level 1.5 Evocations


You had 5 spell levels left.
You knew the following spells:

 Your Spells              Type           Power      Damage    Failure   Level
a - Call Imp              Summ           32%        N/A       1%          2
b - Call Canine Familiar  Summ           32%        N/A       2%          3
c - Summon Small Mammal   Summ           100%       N/A       1%          1

Your spell library contained the following spells:

 Spells                   Type           Power      Damage    Failure   Level
 Summon Guardian Golem    Hex/Summ       17%        N/A       10%         3
 Animate Skeleton         Necr           4%         N/A       14%         1
 Apportation              Tloc           4%         N/A       14%         1
 Summon Lightning Spire   Summ/Air       20%        N/A       26%         4
 Alistair's Intoxication  Tmut/Pois      1%         N/A       99%         5


Dungeon Overview and Level Annotations

Branches:
Dungeon (6/15)             Temple (1/1) D:5           Sewer (visited)

Altars:
Ashenzari
Cheibriados
Dithmenos
Elyvilon
Fedhas
Gozag
Hepliaklqana
Kikubaaqudgha
Makhleb
Nemelex Xobeh
Okawaru
Qazlal
Ru
Sif Muna
Trog
Uskayaw
Vehumet
Wu Jian
Xom
Yredelemnul
Zin
The Shining One


Innate Abilities, Weirdness & Mutations

You have sharp fingernails.
You regenerate a little health from kills.
You have a tail ending in a sharp stinger.


Message History

The lemure barely misses your crimson imp.
Pikel hits you with a +2 whip of freezing.
* * * LOW HITPOINT WARNING * * *
Pikel freezes you.
* * * LOW HITPOINT WARNING * * *
Your crimson imp hits Pikel but does no damage.
Aiming: Mindburst
Press: ? - help, Shift-Dir - straight line, f/p - Pikel
Aim: Pikel, wielding a +2 whip of freezing and wearing a +0 robe of positive energy (almost dead, ally target, chance to affect: 64%) Pikel's mind is blasted!
You blow up Pikel!
Cheibriados appreciates the change of pace.
With Pikel's spell broken, his former minion thanks you for its freedom.
The lemure departs this earthly plane.
Your crimson imp blinks!
Your Unarmed Combat skill increases to level 5!
Your Summonings skill increases to level 7!
Your Air Magic skill increases to level 1!
Your Evocations skill increases to level 1!
Things that are here:
a +2 whip of freezing; a +0 robe of positive energy You hit the kobold brigand but do no damage.
The kobold brigand misses you.
Your crimson imp blinks!
A kobold comes into view. It is wielding a +0 club.
The kobold shouts!
You hit the kobold brigand.
Your tail-slap misses the kobold brigand.
The kobold brigand is lightly wounded.
You hear a shout! x2
The kobold brigand hits you with a +0 hand axe.
* * * LOW HITPOINT WARNING * * *
The kobold brigand throws a curare-tipped dart.
The curare-tipped dart hits you.
You are lethally poisoned!
You have difficulty breathing.
* * * LOW HITPOINT WARNING * * *
You feel yourself slow down.
You swap places.
You die...

##############
##○○○.○○○..○○○
##.###########
##.......○.°°°
####+#
##############
#.....
#...KK.#
.#.....
#.####)#
.'.....####.#
#5#
#....K5K.5.#
#@#
#.(....#####
#.######
######'#
#.##...## .5.
#..'....# +5..
####....#
#.... #....#
#####
#######....#
#.....#....#
###
#.....####.#
...


You could see a kobold brigand (ally target) and a friendly crimson imp
(summoned).

Vanquished Creatures
  Pikel (D:6)
  Menkaure (D:4)
  An ice beast (D:6)
  An ogre (D:4)
  2 scorpions
  2 orc priests (D:5)
  Natasha (D:2)
  3 adders
  A shadow imp (D:4)
  2 adder skeletons (D:4)
  2 dart slugs
  7 ball pythons
  7 endoplasms
  4 giant cockroaches
  7 goblins
  6 hobgoblins
  5 jackals
  8 kobolds
  5 quokkas
  3 bats
  5 frilled lizards
74 creatures vanquished.

Vanquished Creatures (collateral kills)
  Grinder (D:3)
  A sky beast (D:5)
  An ogre (D:5)
  A phantom (D:5)
  A bullfrog (Sewer)
  2 scorpions (D:5)
  A hound (D:3)
  An orc priest (D:3)
  Natasha (D:2)
  Terence (D:2)
  4 adders
  A dart slug (D:4)
  3 orcs
  3 ball pythons
  2 bats (D:1)
  6 giant cockroaches
  3 jackals (D:1)
  2 quokkas (Sewer)
  3 frilled lizards
  2 goblins
40 creatures vanquished.

Grand Total: 114 creatures vanquished

Notes
Turn   | Place    | Note
-------+----------+-------------------------------------------
     0 | D:1      | Zeldest the Demonspawn Summoner began the quest for the
                  | Orb.
     0 | D:1      | Reached XP level 1. HP: 13/13 MP: 3/3
   143 | D:1      | Gained mutation: You regenerate a little health from kills.
                  | [demonic ancestry]
   143 | D:1      | Reached XP level 2. HP: 4/20 MP: 1/5
   169 | D:1      | Reached skill level 1 in Fighting
   218 | D:1      | Reached skill level 1 in Polearms
   227 | D:1      | Learned a level 2 spell: Call Imp
   350 | D:2      | Discovered your monstrous ancestry.
   350 | D:2      | Gained mutation: You have sharp fingernails. [demonic
                  | ancestry]
   350 | D:2      | Reached XP level 3. HP: 13/26 MP: 6/6
   353 | D:2      | Noticed Terence
   589 | D:2      | Noticed Natasha
   595 | D:2      | Killed Natasha
   596 | D:2      | Reached skill level 1 in Unarmed Combat
   596 | D:2      | Reached XP level 4. HP: 18/33 MP: 5/7
   704 | D:2      | Found a hazy altar of Hepliaklqana.
   910 | D:3      | Found a faded altar of an unknown god.
  1015 | D:3      | Noticed Grinder
  1042 | D:3      | Killed Grinder
  1043 | D:3      | Reached skill level 5 in Summonings
  1043 | D:3      | Reached XP level 5. HP: 16/41 MP: 3/8
  1043 | D:3      | Gained mutation: You have a small tail. [demonic ancestry]
  1043 | D:3      | Reached XP level 6. HP: 18/47 MP: 3/9
  1089 | D:3      | Learned a level 3 spell: Call Canine Familiar
  1243 | D:2      | Noticed Natasha
  1249 | D:2      | Killed Natasha
  1323 | D:2      | Killed Terence
  1324 | D:2      | Reached skill level 1 in Invocations
  1722 | D:4      | Gained mutation: You have a tail ending in a sharp stinger.
                  | [demonic ancestry]
  1722 | D:4      | Reached XP level 7. HP: 41/53 MP: 2/10
  1951 | D:4      | Noticed Menkaure
  1978 | D:4      | Killed Menkaure
  1979 | D:4      | Reached skill level 6 in Summonings
  2060 | D:4      | Found a glowing drain.
  2093 | Sewer    | Entered a sewer
  2408 | D:5      | Entered Level 5 of the Dungeon
  2537 | D:5      | Reached XP level 8. HP: 27/61 MP: 2/11
  2655 | D:5      | Found a staircase to the Ecumenical Temple.
  2676 | Temple   | Entered the Ecumenical Temple
  2938 | D:5      | Reached skill level 5 in Fighting
  3058 | D:6      | Reached skill level 5 in Invocations
  3331 | D:5      | Found a snail-covered altar of Cheibriados.
  3339 | D:5      | Became a worshipper of Cheibriados the Contemplative
  3382 | D:6      | Noticed Pikel
  3429 | D:6      | Killed Pikel
  3430 | D:6      | Reached skill level 5 in Unarmed Combat
  3430 | D:6      | Reached skill level 7 in Summonings
  3430 | D:6      | Reached skill level 1 in Air Magic
  3430 | D:6      | Reached skill level 1 in Evocations
  3434 | D:6      | Succumbed to a kobold brigand's curare-tipped dart

Illustrated notes

Levels and vault maps discovered:
D:1:      minmay_arrival_hallway, layout_loops_ring
D:2:      minmay_kobold_bridge, layout_basic, basic_altar, uniq_terence,
          uniq_natasha
D:3:      layout_loops_corners, shapermc_ecumenical_altar_hornbeckon,
          minmay_misc_feat_x, uniq_grinder
D:4:      layout_loops_corners, gup_sewer_entry_glass, uniq_menkaure
D:5:      layout_basic, lemuel_round_altar, minmay_temple_entry_crystal_x,
          kennysheep_generic_room_13
D:6:      lemuel_ice_spiral_2, layout_basic, uniq_pikel
Temple:   mainiacjoe_temple_hex_bubbles

Skill      XL: |  1  2  3  4  5  6  7  8 |
---------------+-------------------------+-----
Fighting       | 1 2 3 4 5 |  5.7
Polearms       | 1 |  1.1
Unarmed Combat | 1 2 3 4 5 |  5.1
Summonings     | 5 6 7 |  7.1
Invocations    | 1 3 5 |  5.7
Air Magic      | 1 |  1.4
Evocations     | 1 |  1.5
Dodging        | |  1.7
Stealth        | |  1.7
Spellcasting   | |  2.0

Action                   |  1- 3 |  4- 6 |  7- 9 || total
-------------------------+-------+-------+-------++-------
Melee: Spear             |   111 |    87 |   116 ||   314
       Unarmed           |    14 |       |     6 ||    20
       Punch             |     2 |     2 |     2 ||     6
       Tailslap          |       |     4 |    15 ||    19
Throw: Dart              |       |     1 |       ||     1
 Cast: Summon Small Mamm |     6 |     4 |     2 ||    12
       Call Imp          |     4 |    10 |    22 ||    36
       Call Canine Famil |       |     3 |    11 ||    14
Evoke: Wand              |       |       |     1 ||     1
  Use: Scroll            |       |     8 |     4 ||    12
 Stab: Sleeping          |     7 |       |     3 ||    10
       Distracted        |     1 |     2 |       ||     3
Armor: Robe              |    37 |    13 |    16 ||    66
Dodge: Dodged            |    65 |    40 |    62 ||   167

Table legend: (Time is in decaauts)
 A = Elapsed time spent in this place.
 B = Non-inter-level travel time spent in this place.
 C = Inter-level travel time spent in this place.
 D = Time resting spent in this place.
 E = Time spent auto-exploring this place.
 F = Levels seen in this place.
 G = Mean time per level.
                   A        B        C        D        E       F      G
               +--------+--------+--------+--------+--------+-----+--------+
         Total |   3633 |   3484 |    149 |      0 |     90 |   8 |  454.1 |
       Dungeon |   3168 |   3029 |    139 |      0 |      0 |   6 |  528.0 |
        Temple |    223 |    213 |     10 |      0 |     90 |   1 |  223.0 |
         Sewer |    241 |    241 |      0 |      0 |      0 |   1 |  241.0 |
               +--------+--------+--------+--------+--------+-----+--------+

Top non-repeatable levels by time:
     D:4: 731 daAuts
     D:2: 692 daAuts
     D:3: 650 daAuts
     D:5: 513 daAuts
     D:1: 428 daAuts
   Sewer: 241 daAuts
  Temple: 223 daAuts
     D:6: 152 daAuts
